Map: Lerilak Crest

Players

TurboZerg - Winner!

  • Race: Zerg Zerg

LilDicky

  • Race: Terran Terran
  • League: Diamond

VOD

http://www.twitch.tv/tumescentpie

Description

Time

  • Played on: Jan. 1, 2016, 6:30 p.m.
  • Length: 5:56
Show
View Real Time Build Order
Export as new Build Order

TurboZerg Zerg - Winner!

Build Orders: Hatch First 

Get SALT Encoding   

  12  0:01  Drone  
  13  0:12  Overlord  
  13  0:18  Drone  
  14  0:31  Drone x2  
  14  0:34  Drone  
  17  0:55  Drone  
  17  0:56  Hatchery  
  17  1:09  Spawning Pool  
  16  1:11  Drone  
  16  1:15  Extractor  
  16  1:16  Drone  
  18  1:25  Drone  
  18  1:28  Drone  
  19  1:38  Drone  
  20  1:50  Overlord  
  20  2:02  Queen  
  20  2:07  Queen  
  24  2:09  Zergling x4  
  26  2:19  Metabolic Boost  
  26  2:21  Drone  
  26  2:22  Drone x2  
  29  2:34  Drone x2  
  31  2:43  Queen  
  33  2:46  Overlord  
  33  2:52  Zergling x2  
  33  2:54  Drone x2  
  36  2:59  Baneling Nest  
  36  3:04  Drone  
  36  3:24  Drone x2  
  36  3:25  Drone x2  
  40  3:30  Overlord  
  40  3:33  Hatchery  
  38  3:40  Queen  
  40  3:44  Drone  
  41  3:52  Lair  
  41  3:57  Zergling x2  
  41  3:58  Zergling x12  
  48  4:08  Zergling x6  
  51  4:10  Overlord  
  51  4:11  Overlord  
  51  4:20  Spine Crawler  
  51  4:21  Zergling x4  
  51  4:23  Baneling x4  
  52  4:30  Zergling x8  
  50  4:53  Drone x4  
  50  4:57  Spore Crawler  
  53  5:00  Spore Crawler x2  
  53  5:03  Zergling x2  
  53  5:04  Zergling x12  
  58  5:17  Queen  
  60  5:36  Drone  
  60  5:37  Drone x9, Spire, Extractor  
Show
View Real Time Build Order
Export as new Build Order

LilDicky Terran 

Build Orders: Liberator Opening 

Get SALT Encoding   

  12  0:01  SCV  
  13  0:13  SCV  
  14  0:21  Supply Depot  
  14  0:25  SCV  
  15  0:40  Refinery  
  15  0:43  SCV  
  15  0:46  Barracks  
  16  0:55  SCV  
  17  1:07  SCV  
  18  1:19  SCV  
  19  1:31  SCV  
  20  1:33  Marine  
  20  1:35  Supply Depot  
  20  1:37  Refinery  
  21  1:43  Orbital Command  
  21  1:47  Factory  
  21  1:51  Marine  
  22  2:09  Supply Depot  
  22  2:10  SCV  
  22  2:12  Marine  
  24  2:22  SCV  
  25  2:34  SCV  
  25  2:35  Starport  
  25  2:36  Factory Tech Lab  
  26  2:37  Marine  
  26  2:46  SCV  
  27  2:55  Marine  
  27  2:56  Siege Tank, Liberator  
  27  2:58  SCV  
  32  3:06  Supply Depot  
  32  3:10  SCV  
  36  3:20  Marine  
  36  3:22  SCV  
  38  3:32  Siege Tank  
  41  3:34  SCV  
  41  3:37  Supply Depot  
  41  3:38  Marine  
  43  3:43  Liberator  
  43  3:46  SCV  
  44  3:56  Marine  
  48  4:11  Supply Depot  
  48  4:14  Marine  
  49  4:18  SCV  
  50  4:25  Command Center  
  50  4:34  SCV  
Tags
 
Add a new tag
Caveats
  • Supply blocks, unpowered buildings, or Contaminate may cause inaccurate times.
  • Supply counts are checked every 10 seconds.